AoeStats
← Lord_Wilfredo

Arabia

508766821Analyzed
4v4 RM · 9d ago on Sep 24, 2026· 53m 36s· 8 players
Game mode
Random Map
Map size
Large (8 player)
Population
200
Speed
Normal
Resources
Standard
Victory
Conquest
Starting age
Dark Age
Ending age
Imperial Age
RankedLock teamsTeams togetherTeam positionsShared explorationLock speedFull tech treeHidden civsTurbo modeCheats
Victory
Defeat
🇨🇱 Persians · Chile
1360
+12
🇦🇷 Huns · Argentina
1359
+12
🇪🇸 Danes · Spain
1324
+13
🇪🇨 Koreans · Ecuador
1312
+14
🇺🇸 Danes · United States
1348
-15
🇨🇦 Maya · Canada
1304
-14
🇨🇴 Khitans · Colombia
1294
-14
🇨🇱 Burgundians · Chile
1133
-8
Youtube Nimro7
6:01 Loom
8:35 Feudal Age
9:07 Double-Bit Axe
18:00 Wheelbarrow
17:46 Scale Barding Armor
20:10 Forging
23:14 Castle Age
21:35 Bloodlines
22:25 Horse Collar
23:24 Light Cavalry
27:29 Iron Casting
31:17 Chain Barding Armor
33:00 Husbandry
34:49 Heavy Plow
36:36 Bow Saw
39:54 Imperial Age
38:11 Town Watch
39:37 Stone Mining
39:38 Gold Mining
39:41 Cavalier
41:06 Plate Barding Armor
43:00 Hussar
44:51 Crop Rotation
44:01 Savar
45:24 Conscription
46:40 Gold Shaft Mining
47:31 Blast Furnace
51:25 Caravan
54:26 Hand Cart
54:12 Town Patrol
KRAIKTON
9:43 Feudal Age
9:47 Man-at-Arms
10:15 Arson
11:00 Loom
11:21 Double-Bit Axe
12:40 Horse Collar
17:14 Wheelbarrow
18:44 Wheelbarrow
18:31 Forging
18:21 Scale Mail Armor
21:39 Fletching
21:49 Padded Archer Armor
25:43 Gold Mining
28:16 Castle Age
26:11 Stone Mining
29:18 Bow Saw
29:19 Heavy Plow
31:12 Stone Shaft Mining
32:56 Gold Shaft Mining
34:07 Hand Cart
34:15 Chain Mail Armor
34:36 Iron Casting
34:03 Squires
37:19 Town Watch
47:25 Imperial Age
44:45 Hamask
47:30 Elite Jomsviking
48:47 Plate Mail Armor
49:18 Blast Furnace
49:53 Conscription
52:11 Hoardings
Lord_Wilfredo
8:06 Loom
10:19 Feudal Age
10:52 Double-Bit Axe
11:05 Horse Collar
18:01 Wheelbarrow
17:39 Bloodlines
18:33 Forging
22:34 Castle Age
22:03 Scale Barding Armor
22:55 Light Cavalry
24:13 Fletching
24:24 Padded Archer Armor
25:11 Ballistics
25:47 Bodkin Arrow
26:26 Bow Saw
29:06 Leather Archer Armor
28:55 Husbandry
30:25 Thumb Ring
31:20 Ballistics
31:40 Gold Mining
34:53 Hand Cart
34:54 Heavy Plow
37:14 Town Watch
39:26 Gold Shaft Mining
41:56 Imperial Age
41:59 Heavy Cavalry Archer
43:07 Parthian Tactics
42:44 Bracer
43:46 Chemistry
42:34 Cavalier
44:23 Two-Man Saw
46:46 Capped Ram
47:48 Siege Ram
51:21 Coinage
53:39 Masonry
53:26 Murder Holes
Poeta Abatido
10:19 Feudal Age
16:58 Fletching
21:03 Double-Bit Axe
23:56 Castle Age
22:02 Gold Mining
22:19 Double-Bit Axe
22:26 Horse Collar
25:07 Crossbowman
25:46 Bodkin Arrow
29:05 Gold Shaft Mining
37:52 Thumb Ring
40:42 Ballistics
42:43 Loom
43:35 Wheelbarrow
46:13 Bow Saw
49:52 Imperial Age
49:57 Arbalester
51:27 Bracer
53:04 Chemistry
52:00 Murder Holes
LRNI MarinM
7:30 Loom
11:19 Feudal Age
11:24 Man-at-Arms
21:58 Fletching
22:06 Double-Bit Axe
23:09 Padded Archer Armor
25:12 Forging
34:01 Castle Age
33:36 Stone Mining
33:33 Horse Collar
34:17 Elite Skirmisher
35:40 Squires
37:57 Crossbowman
44:20 Thumb Ring
44:41 Ballistics
44:40 Leather Archer Armor
44:22 Bodkin Arrow
45:58 Leather Archer Armor
48:32 Murder Holes
54:10 Wheelbarrow
LRNI_Bélico
0:28 Loom
9:53 Feudal Age
10:29 Double-Bit Axe
15:23 Town Watch
17:45 Fletching
19:05 Wheelbarrow
20:25 Horse Collar
24:03 Castle Age
23:00 Gold Mining
24:49 Bodkin Arrow
24:15 Crossbowman
27:36 Ballistics
27:29 Padded Archer Armor
27:51 Bow Saw
30:29 Thumb Ring
32:04 Leather Archer Armor
32:06 Heavy Plow
37:27 Stone Mining
43:45 Imperial Age
41:31 Scale Mail Armor
41:42 Forging
41:33 Squires
41:52 Pikeman
44:35 Chain Mail Armor
44:28 Bracer
45:30 Chemistry
44:11 Arbalester
45:25 Chain Mail Armor
46:24 Conscription
45:43 Halberdier
47:47 Hand Cart
48:43 Plate Mail Armor
48:50 Iron Casting
LRNI | Moises
8:27 Loom
8:48 Double-Bit Axe
10:55 Feudal Age
11:43 Horse Collar
19:01 Castle Age
18:25 Bow Saw
19:18 Pikeman
20:17 Heavy Plow
26:03 Gold Mining
29:46 Husbandry
30:09 Town Watch
32:29 Wheelbarrow
32:27 Scale Barding Armor
34:29 Forging
36:03 Chain Barding Armor
37:20 Iron Casting
36:10 Cavalier
37:10 Hand Cart
37:46 Crop Rotation
42:45 Imperial Age
40:57 Town Patrol
41:39 Fletching
43:10 Gold Shaft Mining
43:18 Bodkin Arrow
43:24 Padded Archer Armor
44:21 Conscription
45:40 Murder Holes
46:47 Chemistry
46:07 Ballistics
45:59 Bracer
45:50 Elite Skirmisher
47:20 Elite Skirmisher
48:08 Treadmill Crane
48:54 Light Cavalry
49:55 Leather Archer Armor
50:41 Blast Furnace
LRNI_Ghost-Jhon
6:40 Loom
8:57 Feudal Age
9:45 Double-Bit Axe
9:59 Domestication
15:32 Forging
25:00 Castle Age
23:52 Wheelbarrow
24:14 Scale Barding Armor
25:06 Light Cavalry
26:24 Iron Casting
34:46 Chain Barding Armor
38:01 Gold Mining
39:05 Fletching
40:33 Hand Cart
41:21 Husbandry
44:46 Pastoralism
48:57 Imperial Age
48:50 Stone Mining
49:27 Bodkin Arrow
49:29 Heavy Camel Rider
Connection lost

Rejoining the realm…

Still unreachable

The connection could not be restored.

Session expired

The server has moved on; the page needs a fresh start.